Map: Mech Depot LE

Players

MaNa

  • Race: Protoss Protoss
  • Spawn Location: 7:00

Serral - Winner!

  • Race: Zerg Zerg
  • Spawn Location: 1:00

Event: WCS Montreal 2017

VOD

Have the link to the VOD?

Description

Time

  • Played on: Sept. 9, 2017, 12:49 p.m.
  • Length: 12:10

All games in this series

Show
View Real Time Build Order
Export as new Build Order

MaNa Protoss 

Build Orders: 1 Gate Expand, Oracle Opening, Archon Immortal 

Get SALT Encoding   

  12  0:00  Probe (Chrono Boost)  
  13  0:11  Probe (Chrono Boost)  
  14  0:20  Pylon  
  14  0:21  Probe (Chrono Boost)  
  15  0:38  Probe (Chrono Boost)  
  15  0:39  Gateway  
  16  0:46  Assimilator  
  16  0:49  Probe (Chrono Boost)  
  17  0:59  Probe (Chrono Boost)  
  18  1:10  Probe (Chrono Boost)  
  19  1:20  Probe (Chrono Boost)  
  19  1:23  Nexus  
  20  1:33  Cybernetics Core  
  20  1:37  Probe (Chrono Boost)  
  21  1:42  Assimilator  
  21  1:47  Probe (Chrono Boost)  
  21  1:52  Pylon  
  22  1:58  Probe (Chrono Boost)  
  23  2:10  Probe (Chrono Boost), Adept (Chrono Boost)  
  26  2:15  Stargate  
  26  2:21  Warp Gate  
  26  2:22  Probe  
  27  2:31  Pylon  
  27  2:34  Probe x2  
  29  2:40  Adept (Chrono Boost)  
  31  2:45  Probe  
  31  2:46  Probe (Chrono Boost)  
  32  2:57  Probe (Chrono Boost)  
  33  2:58  Probe (Chrono Boost), Oracle (Chrono Boost)  
  37  3:07  Probe (Chrono Boost)  
  37  3:08  Gateway  
  37  3:09  Probe (Chrono Boost)  
  39  3:16  Probe  
  40  3:20  Probe  
  41  3:27  Probe (Chrono Boost)  
  41  3:30  Pylon  
  41  3:32  Probe (Chrono Boost)  
  43  3:39  Probe (Chrono Boost)  
  44  3:43  Probe (Chrono Boost)  
  44  3:47  Nexus  
  45  3:49  Probe (Chrono Boost)  
  45  3:53  Void Ray (Chrono Boost)  
  50  3:55  Probe  
  50  3:58  Probe  
  50  4:02  Pylon  
  52  4:09  Probe, Stargate  
  52  4:11  Probe  
  52  4:14  Pylon  
  54  4:17  Assimilator  
  54  4:19  Assimilator  
  54  4:20  Probe  
  54  4:23  Probe  
  56  4:29  Pylon  
  59  4:31  Oracle (Chrono Boost)  
  59  4:32  Probe  
  59  4:35  Probe  
  61  4:46  Probe  
  61  4:47  Adept x2  
  61  4:48  Probe  
  67  4:56  Oracle (Chrono Boost)  
  70  5:00  Probe x2  
  70  5:04  Pylon  
  72  5:07  Oracle (Chrono Boost)  
  72  5:09  Assimilator  
  72  5:10  Probe, Assimilator  
  72  5:12  Probe x2  
  78  5:22  Probe  
  78  5:24  Probe  
  78  5:28  Probe, Oracle (Chrono Boost)  
  84  5:30  Gateway  
  84  5:31  Gateway  
  84  5:32  Probe  
  85  5:37  Probe  
  85  5:40  Probe  
  85  5:42  Oracle (Chrono Boost)  
  86  5:43  Probe  
  86  5:49  Probe  
  88  5:52  Probe, Mothership Core  
  88  5:53  Pylon  
  91  6:00  Forge  
  91  6:01  Probe, Twilight Council  
  91  6:04  Probe, Pylon  
  93  6:08  Oracle (Chrono Boost)  
  94  6:12  Probe  
  94  6:13  Probe  
  94  6:15  Adept  
  94  6:16  Probe  
  94  6:17  Oracle (Chrono Boost)  
  102  6:19  Forge  
  102  6:24  Pylon  
  102  6:27  Charge (Chrono Boost)  
  102  6:32  Protoss Ground Weapons Level 1 (Chrono Boost)  
  102  6:34  Gateway x2  
  102  6:44  Gateway x2  
  99  6:50  Probe x3  
  99  6:53  Protoss Ground Armor Level 1 (Chrono Boost)  
  102  6:56  Zealot x4  
  110  7:14  Probe x2  
  111  7:18  Zealot x3, Templar Archives  
  117  7:42  Pylon  
  117  7:44  Pylon  
  117  7:46  Pylon  
  117  7:49  Pylon  
  113  7:51  Pylon  
  113  7:53  Psionic Storm, Pylon  
  113  7:56  High Templar  
  113  7:57  High Templar  
  117  8:00  Robotics Facility  
  117  8:01  Robotics Facility  
  117  8:05  Nexus  
  114  8:08  High Templar, Robotics Facility  
  114  8:09  High Templar x3  
  122  8:14  Probe x2  
  122  8:15  Void Ray  
  122  8:16  Pylon  
  122  8:18  Gateway x2  
  128  8:22  Gateway  
  128  8:23  Gateway  
  128  8:30  Sentry  
  128  8:31  Sentry  
  121  8:49  Immortal x2 (Chrono Boost)  
  125  8:56  Immortal (Chrono Boost)  
  125  8:57  Zealot x6  
  138  9:08  Protoss Ground Weapons Level 2 (Chrono Boost), Protoss Ground Armor Level 2 (Chrono Boost)  
  138  9:14  Pylon  
  138  9:19  Probe  
  138  9:20  Probe x3  
  142  9:27  Immortal x2  
  150  9:32  Probe x2  
  152  9:38  Immortal  
  152  9:42  Photon Cannon  
  152  9:43  Probe  
  152  9:44  Photon Cannon  
  152  9:45  Probe x2, Assimilator  
  159  9:47  Assimilator  
  159  9:53  High Templar  
  159  9:54  High Templar x3  
  159  9:58  Archon x2  
  163  10:05  Zealot x3  
  163  10:06  Zealot x5  
  146  10:26  Zealot x10  
  146  10:27  Zealot  
  150  10:39  Zealot  
  142  10:46  Immortal (Chrono Boost)  
  142  10:49  Zealot x9  
  156  10:50  Zealot  
  152  10:59  Archon  
  150  11:10  Zealot x6  
  146  11:22  Observer (Chrono Boost), Immortal (Chrono Boost)  
  146  11:24  Zealot x5  
  134  11:33  Oracle x2  
  134  11:36  Zealot x6  
  131  11:45  High Templar x4  
  125  11:49  Archon  
  125  11:50  Archon  
  121  11:57  Zealot x5  
  121  11:58  Zealot  
Show
View Real Time Build Order
Export as new Build Order

Serral Zerg - Winner!

Build Orders: Hatch First, Lurkers 

Get SALT Encoding   

  12  0:00  Drone  
  13  0:12  Overlord  
  13  0:16  Drone  
  14  0:31  Drone x2  
  14  0:35  Drone  
  17  0:51  Hatchery  
  17  0:54  Drone  
  17  0:57  Drone  
  18  1:08  Extractor  
  17  1:12  Spawning Pool  
  17  1:16  Drone  
  17  1:19  Drone  
  18  1:29  Drone  
  19  1:38  Overlord  
  19  1:50  Drone  
  20  1:58  Queen  
  20  2:00  Zergling x2  
  23  2:03  Queen  
  23  2:04  Drone  
  26  2:09  Metabolic Boost  
  26  2:11  Drone  
  26  2:14  Drone  
  28  2:25  Drone  
  28  2:26  Drone  
  30  2:39  Hatchery  
  30  2:42  Drone x2  
  31  2:47  Pneumatized Carapace  
  31  2:51  Zergling x4  
  33  2:58  Overlord  
  33  3:00  Drone  
  33  3:05  Drone  
  35  3:07  Overlord  
  35  3:09  Drone  
  36  3:17  Drone  
  36  3:18  Drone x4  
  36  3:19  Drone  
  42  3:24  Drone  
  43  3:27  Queen  
  43  3:31  Drone  
  46  3:35  Drone  
  46  3:37  Spore Crawler  
  46  3:38  Drone  
  46  3:40  Spore Crawler  
  46  3:41  Drone  
  46  3:42  Drone  
  46  3:44  Drone  
  49  3:48  Drone  
  49  3:51  Queen  
  52  3:55  Overlord  
  52  3:58  Drone  
  52  3:59  Spore Crawler  
  52  4:03  Evolution Chamber  
  52  4:06  Queen  
  52  4:08  Drone  
  52  4:09  Drone  
  55  4:10  Drone  
  55  4:12  Drone  
  57  4:18  Overlord  
  57  4:19  Drone x2  
  57  4:24  Zergling x4  
  61  4:25  Drone x2  
  63  4:31  Zerg Missile Weapons Level 1  
  63  4:32  Overlord, Drone  
  63  4:34  Drone  
  63  4:37  Queen  
  67  4:39  Overlord  
  67  4:42  Drone  
  68  4:46  Overlord x2  
  67  4:55  Zergling x2  
  67  4:56  Zergling x4  
  67  4:58  Spore Crawler, Drone x2  
  71  5:05  Drone x2  
  73  5:07  Hatchery  
  73  5:10  Zergling x8  
  73  5:12  Lair  
  76  5:16  Queen  
  76  5:19  Overlord  
  76  5:20  Drone x2  
  80  5:23  Overlord  
  80  5:25  Drone x2  
  80  5:27  Overlord  
  83  5:28  Drone  
  83  5:31  Spore Crawler  
  83  5:33  Extractor, Drone  
  83  5:34  Drone x2  
  83  5:35  Drone  
  84  5:39  Drone x2  
  84  5:43  Drone x2  
  84  5:45  Drone  
  84  5:46  Extractor  
  84  5:48  Extractor, Drone x3  
  84  5:49  Extractor  
  87  5:51  Queen  
  87  5:54  Queen  
  91  5:58  Drone x3  
  93  6:05  Drone x3  
  93  6:06  Drone x4  
  93  6:07  Overlord  
  100  6:12  Hydralisk Den  
  100  6:15  Drone x2  
  100  6:17  Overseer  
  100  6:18  Spore Crawler  
  100  6:23  Drone x3  
  100  6:24  Extractor  
  100  6:25  Zerg Missile Weapons Level 2  
  102  6:27  Drone x4, Evolution Chamber  
  102  6:28  Drone  
  102  6:31  Extractor  
  102  6:32  Extractor  
  104  6:35  Infestation Pit  
  104  6:39  Queen  
  103  6:40  Spore Crawler  
  103  6:42  Spore Crawler  
  103  6:43  Muscular Augments  
  104  6:47  Drone x5  
  104  6:49  Drone x2  
  110  6:55  Zerg Ground Armor Level 1  
  110  6:59  Overlord  
  110  7:04  Hydralisk x4  
  117  7:09  Hydralisk  
  117  7:11  Overlord x4  
  119  7:21  Infestor x2  
  119  7:22  Overlord x2  
  123  7:24  Queen x2  
  127  7:34  Burrow  
  127  7:36  Hydralisk x5  
  133  7:42  Overlord  
  137  7:45  Overlord x2  
  137  7:46  Hydralisk x3  
  143  7:56  Lurker Den  
  143  7:59  Hydralisk x2  
  143  8:00  Hydralisk x2  
  151  8:05  Overlord  
  151  8:06  Overlord  
  151  8:12  Hydralisk x2  
  151  8:13  Hydralisk x3  
  161  8:23  Overlord  
  161  8:27  Overlord  
  161  8:33  Hydralisk x5  
  168  8:49  Hive  
  168  8:53  Zergling x2  
  168  8:54  Zergling x20  
  177  9:09  Hatchery  
  174  9:13  Zergling x4  
  174  9:14  Zergling x10  
  181  9:22  Spore Crawler  
  180  9:28  Lurker  
  180  9:29  Lurker x11  
  192  9:36  Zerg Melee Weapons Level 1  
  192  9:37  Overseer  
  192  9:40  Zergling x2  
  192  9:41  Zergling x14  
  200  9:51  Spine Crawler  
  196  9:53  Spine Crawler, Zergling x2  
  196  9:54  Zergling x6  
  199  10:04  Spire  
  199  10:06  Baneling Nest  
  196  10:11  Zergling x2  
  196  10:12  Zergling x10  
  196  10:20  Zergling x2  
  196  10:21  Zergling x14  
  196  10:23  Adrenal Glands  
  189  10:32  Infestor  
  189  10:33  Infestor  
  189  10:34  Hydralisk x4  
  189  10:35  Hydralisk x5  
  185  10:39  Zergling x14  
  181  10:54  Zergling x2  
  181  10:55  Zergling x26  
  180  10:59  Queen  
  180  11:03  Hydralisk x4  
  180  11:04  Hydralisk x2  
  188  11:16  Hydralisk x4  
  161  11:21  Zergling x2  
  161  11:22  Zergling x14  
  160  11:28  Zergling x4  
  160  11:31  Zergling x8  
  160  11:32  Zergling x10  
  155  11:40  Zergling x14  
  155  11:45  Hydralisk x2  
  155  11:46  Hydralisk  
Tags
 
Add a new tag
Caveats
  • Supply blocks, unpowered buildings, or Contaminate may cause inaccurate times.
  • Supply counts are checked every 10 seconds.